← All builds
Front / Armada / Economy first / OBSERVED BUILD

Standard front

Armada Front build order · Supreme Isthmus

Standard economy-first Front play: Bot Lab and Vehicle Plant up immediately, units trickle to the coast and middle, with an Advanced Metal Extractor around 9:00 as the eco transition.

#eco · 1699 distinct matches · 247 players · 74% of Armada Front games · team won 61% of 1993 · Recently observed

HOW TO PLAY IT

Key timing: T2 constructor by 7:43

  1. Open mex and wind, drop Bot Lab and Vehicle Plant almost immediately.
  2. Pump Blitz, Rocketeer and Pawn to the coast to stop leaks first.
  3. Add Centurion and Janus once first units are moving up.
  4. Form units into a line pushing toward middle as numbers grow.
  5. Upgrade to Advanced Metal Extractor as the economy transition kicks in.

Phase by phase

TYPICAL OF ITS 1699 GAMES
  1. 1
  2. 2
  3. 3
PLAY THE OPENING

Follow the example game's first 6:00 step by step: what to build now, what comes next, and where it goes. At 1× it keeps pace with your own game.

  1. 1

    Up to the Bot Lab

    Economy
    • Metal Extractor2Mex
    Order
    1. Bot LabBot Lab after 2 mex, 1 winddone ~0:44, middle half 0:33–0:54

    Some games also: wind (48%) · Vehicle Plant (35%)

    By 0:28 in all: 2 mex

    The example game in this phase · 3 steps
    1. Mex ×2
    2. Wind
    3. Bot LabBot Labdone 0:39 · typical 0:44
  2. 2

    Bot Lab to 5:00

    Economy
    • Metal Extractor4Mex
    • Wind Turbine3Wind
    Builders
    • Construction Bot1 Con bot
    Army
    • Sentry1 Sentry
    • Rocketeer6 Rocketeer

    Some games also: Lazarus (49%) · tick (46%) · centurion (40%) · con vehicle (32%) · janus (32%)

    By 5:00 in all: 6 mex · 6 wind

    The example game in this phase · 15 steps
    1. TickTick
    2. CenturionCenturion
    3. Wind
    4. TickTick ×10
    5. CenturionCenturion ×2
    6. Mex
    7. Wind ×2
    8. Construction BotCon bot ×3
    9. LazarusLazarus ×2
    10. RocketeerRocketeer ×9
    11. Mex
    12. RocketeerRocketeer
    13. Mex
    14. RocketeerRocketeer
    15. Construction BotCon bot
  3. 3

    5:00 to 10:00

    Economy
    • Metal Extractor1Mex
    • Wind Turbine14Wind
    Builders
    • Construction Turret2 Con turret
    Army
    • Sentry1 Sentry

    Some games also: rocketeer (46%) · energy storage (43%) · Lazarus (38%) · con bot (37%) · Radar Tower (36%)

    By 10:00 in all: 7 mex · 24 wind · 1 energy storage · 3 con turret

    The example game in this phase · 58 steps
    1. Construction BotCon bot ×2
    2. Mex
    3. CenturionCenturion
    4. Mex
    5. CenturionCenturion
    6. Wind ×4
    7. RocketeerRocketeer
    8. Wind
    9. RocketeerRocketeer
    10. Wind ×2
    11. RocketeerRocketeer
    12. Wind
    13. RocketeerRocketeer
    14. Wind
    15. RocketeerRocketeer
    16. Wind
    17. RocketeerRocketeer
    18. Wind
    19. Dragon's TeethDragon's Teeth ×2
    20. Wind
    21. Dragon's TeethDragon's Teeth ×3
    22. Wind
    23. Dragon's TeethDragon's Teeth ×2
    24. RocketeerRocketeer
    25. Dragon's TeethDragon's Teeth ×2
    26. Wind
    27. Dragon's TeethDragon's Teeth ×7
    28. RocketeerRocketeer
    29. LazarusLazarus
    30. Dragon's TeethDragon's Teeth ×5
    31. LazarusLazarus
    32. Dragon's TeethDragon's Teeth ×5
    33. OverwatchOverwatch
    34. Dragon's TeethDragon's Teeth ×3
    35. Con turret
    36. Bot LabEat Bot Labreclaimed for its metal
    37. Advanced Metal ExtractorT2 mex ×3done 10:02 · typical 9:01
    38. Energy storage
    39. Wind ×10
    40. Advanced Metal ExtractorT2 mex
    41. Wind ×4
    42. Con turret
    43. Vehicle PlantVehicle Plantdone 12:55 · typical 0:47
    44. Con turret ×2
    45. BlitzBlitz ×4
    46. RoverScout
    47. BlitzBlitz ×4
    48. ParalyzerParalyzernot finished by 15:00
    49. RoverScout
    50. BlitzBlitz ×4
    51. RoverScout
    52. BlitzBlitz ×4
    53. RoverScout
    54. BlitzBlitz ×4
    55. RoverScout
    56. BlitzBlitz ×4
    57. RoverScout
    58. BlitzBlitz ×2

Counts are medians over the build's games: half of them build more, half fewer. The example game is Boozha's (34 OS, 12/10/2026); pick another.

Team trades

IN AT LEAST 30% OF ITS GAMES

You hand over

Nothing regular.

You get

  • Tidal Generator4 Tidal from Pondfirst at 0:17 · in 68% of games
  • Advanced Construction Bot1 T2 con bot from Geo or Techfirst at 7:23 · in 64% of games

How it plays out

Typical game of this build, running totals by minute

Metal produced

010k20k30k
0:005:0010:0015:00

metal

Enemy metal destroyed

05k10k
0:005:0010:0015:00

metal

Own metal lost

05k10k
0:005:0010:0015:00

metal

1993 games.

Show as table
ByMetal produced: This buildEnemy metal destroyed: This buildOwn metal lost: This build
1:0033300
2:008402131
3:001618135108
4:002699522333
5:0038471127787
6:00503519231427
7:00624927142302
8:00753435443173
9:00897343264069
10:001053850054807
11:001237355335547
12:001452759766408
13:001685764686999
14:001922071637826
15:002185478688687
WHAT THE NUMBERS SAY

Standard Front play wins more often than Suicide front and produces more metal by 15:00 while losing less of it.

  • + Metal produced reaches 22627 by 15:00, well above Suicide front's 20142.
  • + Own metal lost is 8944 by 15:00, lower than enemy metal destroyed ratio of Suicide front.
  • − First unit lost already at 1:43, showing exposure despite the safer position.
  • − Blitz dominates army share at 25%, leaving fewer Centurion for anti-swarm.
THE EXAMPLE YOU ARE READING

Boozha

33.5 OS · 12/10/2026

Open source match ↗

5 received units · includes a constructor
119 metal received · 15033 energy received

Allied construction assistance is unknown. Timings are observations, not a promise of solo reproducibility.

Typical milestones

Bot Lab0:44Middle 50%: 0:33–0:54 · n=1331
Vehicle Plant0:47Middle 50%: 0:41–1:14 · n=1285
Advanced Metal Extractor9:01Middle 50%: 8:09–10:15 · n=1563

Played most by

haaven107games of this buildHummell107games of this buildLeohvm93games of this buildTheGeneraI75games of this buildXad69games of this build